 Dungeon Crawl Stone Soup version 0.32-a0-711-g016ad743e0 (webtiles) character file.

Game seed: 2970360230040079884

2660 Revguard the Ruffian (level 9, -10/75 HPs)
             Began as a Red Draconian Shapeshifter on Mar 15, 2024.
             Was a Believer of Wu Jian.
             Killed from afar by a gargoyle (12 damage)
             ... with a stone arrow
             ... on level 6 of the Dungeon.
             The game lasted 00:15:57 (6128 turns).

Revguard the Ruffian (Red Draconian Shapeshifter)   Turns: 6128, Time: 00:15:58

Health: -10/75     AC:  7    Str: 23    XL:     9   Next: 36%
Magic:  9/9        EV: 14    Int:  9    God:    Wu Jian [**....]
Gold:   396        SH:  0    Dex: 18    Spells: 8/8 levels left

rFire   + .          .
                       - Unarmed
rCold   . . .        (no shield)
rNeg    . . .        (body armour unavailable)
rPois   .            (helmet currently unavailable)
rElec   .            (cloak currently unavailable)
rCorr   .            (gloves currently unavailable)
SInv    +            (boots currently unavailable)
Will    .....        (no amulet)
Stlth   +++          n - +6 ring of strength
HPRegen 0.32/turn    v - ring of see invisible
MPRegen 0.11/turn

%: no passive effects
@: mighty, beast-form
A: beast (slay +3), combustion breath, AC +7, unfitting armour, fire resistance
1, cold-blooded, agile 1, wild magic 1
a: Combustion Breath, Begin Untransformation, Renounce Religion, Wall Jump


You were on level 6 of the Dungeon.
You worshipped Wu Jian.
Wu Jian was pleased with you.
You were a hulking beast.
You visited 2 branches of the dungeon, and saw 7 of its levels.

You collected 396 gold pieces.

Inventory:

Hand Weapons
 g - a +2 dagger of venom
Missiles
 t - a throwing net
Armour
 p - a +0 pair of boots
 q - a +0 cloak
Jewellery
 d - a ring of fire
 n - a +6 ring of strength (left hand)
 v - a ring of see invisible (right hand)
Talismans
 b - a beast talisman (active)
 c - a flux talisman
Wands
 a - a wand of charming (25)
 s - a wand of flame (22)
Scrolls
 i - a scroll of amnesia
 j - 3 scrolls of noise
 k - 3 scrolls of fear
 l - a scroll of vulnerability
 m - a scroll of butterflies
 w - a scroll of enchant armour
Potions
 e - a potion of might
 f - a potion of enlightenment {unknown}
 h - a potion of brilliance {unknown}
 o - 2 potions of resistance
 r - a potion of attraction {unknown}
 u - a potion of mutation


   Skills:
 + Level 5.7 Fighting
 + Level 5.0 Dodging
 + Level 5.0 Stealth
 + Level 6.1 Unarmed Combat
 + Level 4.9 Evocations
 + Level 5.5 Shapeshifting


You had 8 spell levels left.
You didn't know any spells.
Your spell library contained the following spells:

 Spells                   Type           Power      Damage    Failure   Level
 Apportation              Tloc           0%         N/A       47%         1
 Necrotise                Necr           0%         1d4       47%         1
 Slow                     Hex            0%         N/A       47%         1
 Sting                    Conj/Alch      0%         1d3       47%         1
 Summon Small Mammal      Summ           0%         N/A       47%         1
 Ensorcelled Hibernation  Hex/Ice        0%         N/A       61%         2
 Call Canine Familiar     Summ           0%         N/A       83%         3
 Confusing Touch          Hex            0%         N/A       83%         3
 Fugue of the Fallen      Necr           0%         N/A       83%         3
 Sigil of Binding         Hex            0%         N/A       83%         3
 Vampiric Draining        Necr           0%         2d6       83%         3
 Anguish                  Hex/Necr       0%         N/A       99%         4
 Dimensional Bullseye     Hex/Tloc       0%         N/A       99%         4
 Summon Blazeheart Golem  Fire/Summ      0%         N/A       99%         4


Dungeon Overview and Level Annotations

Branches:
Dungeon (6/15)             Temple (1/1) D:4

Altars:
Cheibriados
Dithmenos
Elyvilon
Fedhas
Gozag
Kikubaaqudgha
Nemelex Xobeh
Okawaru
Ru
Uskayaw
Wu Jian
Yredelemnul
The Shining One


Innate Abilities, Weirdness & Mutations

You are a hulking beast.
Your limbs bulge with bestial killing power. (Slay +3)
You can breathe blasts of explosive embers.
Your fiery red scales are hard. (AC +7)
You cannot fit into any form of body armour.
Your flesh is heat resistant. (rF+)
You are cold-blooded and may be slowed by cold attacks.
You are agile. (Dex +4, Str/Int -1)
Your spells are a little harder to cast, but a little more powerful.


Message History

Aim: a gargoyle, wielding a +0 mace (lightly damaged, 88% to hit)
The puff of flame hits the gargoyle but does no damage.
The gargoyle is lightly damaged.
The gargoyle hurls a stone arrow at you.
The stone arrow hits you!
Aiming: Combustion Breath
Press: ? - help, Q - select action, (/) - cycle Shift-Dir - straight line, f/p - gargoyle
Aim: a gargoyle, wielding a +0 mace (lightly damaged, 92% to hit)
You breathe a blast of explosive embers.
The explosive embers hits the gargoyle.
The gargoyle is lightly damaged.
The embers explode!
The fiery explosion hits the gargoyle!
The gargoyle is heavily damaged.
The gargoyle hits you with a +0 mace!
* * * LOW HITPOINT WARNING * * *
You hit the gargoyle.
The gargoyle is heavily damaged.
The gargoyle closely misses you.
You hit the gargoyle but do no damage.
The gargoyle is heavily damaged.
The gargoyle hits you with a +0 mace!
* * * LOW HITPOINT WARNING * * *
Aiming: Combustion Breath
Press: ? - help, Q - select action, (/) - cycle Shift-Dir - straight line, f/p - gargoyle
Aim: a gargoyle, wielding a +0 mace (heavily damaged, 92% to hit)
You breathe a blast of explosive embers.
The explosive embers hits the gargoyle.
The gargoyle is heavily damaged.
The embers explode!
The fiery explosion hits the gargoyle but does no damage.
The gargoyle is heavily damaged.
The gargoyle hurls a stone arrow at you.
The stone arrow misses you.
Okay, then.
It was a potion of might.
You feel very mighty all of a sudden.
The gargoyle hurls a stone arrow at you.
The stone arrow hits you!
You die...

## ..# #.# #.# #.#
##### #.#
#...####.####.#
#.......9.....#
#...####h####.#
##.## #.# ##.## #.#
##...## #.# ##
.###..#..###.# #.
...)###.....# #.
####..#..##### #.
##...## #.
##.################
#.


You could see a gargoyle.

Vanquished Creatures
  Grinder (Temple)
  Prince Ribbit (D:5)
  Sigmund (D:5)
  2 ice beasts
  3 black bears
  An ogre (D:6)
  3 centaurs
  3 phantoms (D:5)
  A bullfrog (D:6)
  Blork the orc (D:6)
  A scorpion (D:6)
  2 bombardier beetles (D:6)
  2 jellies
  6 orc priests
  A gnoll bouda (D:5)
  A sleepcap (D:6)
  Jessica (D:2)
  Terence (D:2)
  3 iguanas
  5 orc wizards
  12 gnolls
  9 adders
  A shadow imp (D:5)
  A white imp (D:5)
  3 dart slugs
  22 orcs
  4 ball pythons
  5 bats
  4 endoplasms
  2 giant cockroaches
  5 hobgoblins
  5 kobolds
  3 quokkas
  3 frilled lizards
  4 goblins
  9 rats
132 creatures vanquished.

Vanquished Creatures (others)
  A jelly (D:4)
1 creature vanquished.

Grand Total: 133 creatures vanquished

Notes
Turn   | Place    | Note
-------+----------+-------------------------------------------
     0 | D:1      | Revguard the Draconian Shapeshifter began the quest for the
                  | Orb.
     0 | D:1      | Reached XP level 1. HP: 16/16 MP: 1/1
   118 | D:1      | Found a faded altar of an unknown god.
   251 | D:1      | Reached XP level 2. HP: 22/23 MP: 2/2
   861 | D:2      | Noticed Jessica
   862 | D:2      | Found a snail-covered altar of Cheibriados.
   880 | D:2      | Killed Jessica
   881 | D:2      | Reached skill level 1 in Stealth
   881 | D:2      | Reached skill level 1 in Evocations
   881 | D:2      | Reached XP level 3. HP: 20/29 MP: 3/3
   943 | D:2      | Noticed Terence
   957 | D:2      | Gained mutation: You expend magic power (3 MP) to
                  | strengthen your wands. [potion of mutation]
   959 | D:2      | Killed Terence
   960 | D:2      | Reached XP level 4. HP: 4/36 MP: 4/4
   960 | D:2      | Lost mutation: You expend magic power (3 MP) to strengthen
                  | your wands. [potion of mutation]
   960 | D:2      | Gained mutation: You are agile. (Dex +4, Str/Int -1)
                  | [potion of mutation]
   960 | D:2      | Gained mutation: Your spells are a little harder to cast,
                  | but a little more powerful. [potion of mutation]
  1815 | D:3      | Reached XP level 5. HP: 40/41 MP: 5/5
  2443 | D:3      | Identified the +6 broad axe "Gecig" {freeze, Str+5}
  2541 | D:4      | Found a staircase to the Ecumenical Temple.
  2547 | Temple   | Entered the Ecumenical Temple
  2574 | Temple   | Became a worshipper of the Wu Jian Council
  2607 | D:4      | Found an iron altar of Okawaru.
  2798 | D:4      | Noticed Grinder
  2799 | D:4      | Paralysed by Grinder for 4 turns
  2985 | Temple   | Paralysed by Grinder for 2 turns
  2991 | Temple   | Paralysed by Grinder for 4 turns
  2996 | Temple   | Paralysed by Grinder for 3 turns
  2999 | Temple   | Killed Grinder
  3000 | Temple   | Reached skill level 4 in Unarmed Combat
  3000 | Temple   | Reached XP level 6. HP: 24/51 MP: 6/6
  3355 | D:4      | Identified the +0 leather armour "Omiufamn" {Harm Slay+3
                  | SInv}
  3380 | D:4      | Your scales start taking on a fiery red colour.
  3380 | D:4      | Reached XP level 7. HP: 20/57 MP: 7/7
  3380 | D:4      | Gained mutation: Your flesh is heat resistant. (rF+) [Red
                  | Draconian growth]
  3966 | D:5      | Entered Level 5 of the Dungeon
  4093 | D:5      | Noticed Prince Ribbit
  4121 | D:5      | Killed Prince Ribbit
  4122 | D:5      | Reached XP level 8. HP: 49/66 MP: 8/8
  4281 | D:5      | Reached skill level 5 in Unarmed Combat
  4282 | D:5      | Reached * piety under Wu Jian
  4719 | D:5      | Noticed Sigmund
  4729 | D:5      | Killed Sigmund
  4730 | D:5      | Reached skill level 5 in Shapeshifting
  5014 | D:5      | Reached skill level 5 in Fighting
  5256 | D:6      | Noticed Blork the orc
  5264 | D:6      | Killed Blork the orc
  5362 | D:6      | Reached XP level 9. HP: 69/74 MP: 9/9
  5560 | D:6      | HP: 3/74 [orc/+0 club (5)]
  5563 | D:6      | Reached skill level 6 in Unarmed Combat
  5771 | D:6      | Reached ** piety under Wu Jian
  5907 | D:6      | Reached skill level 5 in Dodging
  5923 | D:6      | Reached skill level 5 in Stealth
  6112 | D:6      | Noticed a gargoyle
  6126 | D:6      | HP: 2/75 [gargoyle/+0 mace (15)]
  6128 | D:6      | Killed from afar by a gargoyle

Illustrated notes

Levels and vault maps discovered:
D:1:      ldierk_walled_garden_2, layout_basic,
          shapermc_ecumenical_altar_pompeii, nicolae_figureground_pulse
D:2:      layout_basic, basic_altar, minmay_circle_x, uniq_jessica, uniq_terence
D:3:      layout_basic, minmay_cupped
D:4:      layout_basic, okawaru_ov_weapons_minmay,
          minmay_temple_entry_offerings, uniq_grinder
D:5:      layout_loops_corners, uniq_sigmund, uniq_prince_ribbit1
D:6:      layout_loops_ring, uniq_blork_the_orc
Temple:   grunt_temple_mini_profane

Skill      XL: |  1  2  3  4  5  6  7  8  9 |
---------------+----------------------------+-----
Dodging        | 2 3 4 5 |  5.0
Stealth        | 1 2 3 4 5 |  5.0
Evocations     | 1 2 3 4 |  4.9
Fighting       | 2 3 4 5 |  5.7
Unarmed Combat | 4 5 6 |  6.1
Shapeshifting  | 4 5 |  5.5

Action                     |  1- 3 |  4- 6 |  7- 9 || total
---------------------------+-------+-------+-------++-------
  Melee: Unarmed           |    67 |     2 |   182 ||   251
         Tailslap          |     4 |    17 |    31 ||    52
         Dagger            |       |   135 |    39 ||   174
         Punch             |       |       |     4 ||     4
Ability: Lunge             |       |     3 |    17 ||    20
         Combustion Breath |       |       |     7 ||     7
         Whirlwind         |       |       |    15 ||    15
  Evoke: Wand              |       |    11 |     2 ||    13
    Use: Scroll            |     1 |     3 |     6 ||    10
         Potion            |     3 |     3 |     4 ||    10
   Stab: Sleeping          |     2 |     3 |     3 ||     8
 Armour: Skin              |    40 |   112 |   134 ||   286
  Dodge: Dodged            |    28 |   115 |   141 ||   284

Table legend: (Time is in decaauts)
 A = Elapsed time spent in this place.
 B = Non-inter-level travel time spent in this place.
 C = Inter-level travel time spent in this place.
 D = Time resting spent in this place.
 E = Time spent auto-exploring this place.
 F = Levels seen in this place.
 G = Mean time per level.
                   A        B        C        D        E       F      G
               +--------+--------+--------+--------+--------+-----+--------+
         Total |   6081 |   5892 |    189 |    406 |   4443 |   7 |  868.7 |
       Dungeon |   5770 |   5630 |    140 |    186 |   4443 |   6 |  961.7 |
        Temple |    310 |    261 |     49 |    220 |      0 |   1 |  310.0 |
               +--------+--------+--------+--------+--------+-----+--------+

Top non-repeatable levels by time:
     D:5: 1278 daAuts
     D:4: 1097 daAuts
     D:2: 892 daAuts
     D:6: 868 daAuts
     D:1: 859 daAuts
     D:3: 774 daAuts
  Temple: 310 daAuts
